AoeStats
← EMPEROR98265292

Arena

507907979Analyzed
1v1 RM · 13d ago on Sep 20, 2026· 37m 7s· 2 players
Game mode
Random Map
Map size
Tiny (2 player)
Population
200
Speed
Normal
Resources
Standard
Victory
Conquest
Starting age
Dark Age
Ending age
Imperial Age
RankedLock teamsTeams togetherTeam positionsShared explorationLock speedFull tech treeHidden civsTurbo modeCheats
Victory
Defeat
🇮🇳 Wu · India
1538
+13
🇪🇸 Sicilians · Spain
1481
-13
JotaJotaEmeHache
9:40 Feudal Age
10:15 Horse Collar
10:22 Double-Bit Axe
12:57 Town Watch
16:50 Loom
19:49 Castle Age
17:58 Gold Mining
19:26 Fletching
19:37 Scale Mail Armor
21:57 Bodkin Arrow
22:13 Crossbowman
24:46 Wheelbarrow
28:58 Ballistics
29:16 Padded Archer Armor
33:26 Imperial Age
32:40 Masonry
34:21 Bracer
35:27 Chemistry
36:23 Arbalester
EMPEROR98265292
10:46 Feudal Age
11:29 Loom
14:57 Castle Age
14:56 Fletching
17:14 Bodkin Arrow
22:01 Red Cliffs Tactics
23:56 Double-Bit Axe
23:53 Horse Collar
25:43 Padded Archer Armor
26:59 Bow Saw
28:46 Leather Archer Armor
30:41 Ballistics
37:35 Imperial Age
36:37 Stone Mining
36:37 Gold Mining
37:43 Heavy Plow
Connection lost

Rejoining the realm…

Still unreachable

The connection could not be restored.

Session expired

The server has moved on; the page needs a fresh start.